 Dungeon Crawl Stone Soup version 0.31.0-1-g2c135a0 (webtiles) character file.

Game seed: 13785033014021864488

176 jagoly the Trooper (level 5, -1/33 HPs)
             Began as a Gargoyle Monk on Feb 1, 2024.
             Slain by a scorpion (6 damage)
             ... on level 5 of the Dungeon.
             The game lasted 00:07:42 (951 turns).

jagoly the Trooper (Gargoyle Monk)                   Turns: 951, Time: 00:07:43

Health: -1/33      AC:  1    Str: 17    XL:     5   Next: 56%
Magic:  5/5        EV: 11    Int: 10    God:
Gold:   155        SH:  0    Dex: 12    Spells: 4/4 levels left

rFire   . . .        a - +0 war axe
rCold   . . .        d - orb {light}
rNeg    + . .        e - +0 ring mail
rPois   ∞            (no helmet)
rElec   +            (no cloak)
rCorr   .            (no gloves)
SInv    .            (no boots)
Will    .....        (no amulet)
Stlth   +            (no ring)
HPRegen 0.25/turn    (no ring)
MPRegen 0.09/turn

%: no passive effects
@: corroded, glowing
A: sickness immunity, AC +4, negative energy resistance 1, electricity
resistance, torment resistance 1, petrification resistance
a: no special abilities


You were on level 5 of the Dungeon.
You visited 1 branch of the dungeon, and saw 5 of its levels.

You collected 155 gold pieces.

Inventory:

Hand Weapons
 a - a +0 war axe (weapon)
 s - a +0 trident
Missiles
 f - 4 poisoned darts
 h - 11 stones (quivered)
 k - 2 throwing nets
Armour
 b - a +0 robe
 d - an orb of light (worn)
 e - a +0 ring mail (worn)
 p - a +0 buckler
Wands
 j - a wand of flame (23)
Scrolls
 i - a scroll of revelation {unknown}
 l - a scroll of enchant weapon {unknown}
 m - a scroll of enchant armour {unknown}
 q - a scroll of identify {unknown}
Potions
 c - a potion of ambrosia
 g - a potion of heal wounds {unknown}
 n - a potion of brilliance {unknown}
 o - a potion of lignification {unknown}
 r - a potion of enlightenment {unknown}
 t - a potion of invisibility {unknown}


   Skills:
 + Level 4.2 Fighting
 * Level 4.0 Axes
 + Level 2.2 Armour
 - Level 3.0 Dodging
 - Level 1.0 Stealth


You had 4 spell levels left.
You didn't know any spells.
Your spell library contained the following spells:

 Spells                   Type           Power      Damage    Failure   Level
 Apportation              Tloc           0%         N/A       56%         1
 Jinxbite                 Hex            0%         N/A       71%         2
 Ozocubu's Armour         Ice            0%         N/A       90%         3
 Alistair's Intoxication  Alch           0%         N/A       100%        5
 Metabolic Englaciation   Hex/Ice        0%         N/A       100%        5
 Sculpt Simulacrum        Ice/Alch       0%         N/A       100%        6


Dungeon Overview and Level Annotations

Branches:
Dungeon (5/15) Zot: 26765
 Temple: D:4-7

Altars:
Hepliaklqana
Trog
Uskayaw


Innate Abilities, Weirdness & Mutations

You are immune to sickness and miasma.
Your stone body is resilient. (AC +4)
You are immune to poison.
You resist negative energy. (rN+)
You are resistant to electric shocks. (rElec)
You are resistant to unholy torment.
You are immune to petrification.


Message History

The quokka bites you but does no damage.
You barely miss the quokka.
The quokka is heavily wounded.
The quokka bites you but does no damage. x2
You closely miss the quokka.
The quokka is heavily wounded.
The quokka closely misses you. The quokka barely misses you.
You hit the quokka but do no damage.
The quokka is heavily wounded.
The quokka barely misses you.
You closely miss the quokka.
The quokka is heavily wounded.
The quokka barely misses you. The quokka closely misses you.
You hit the quokka.
The quokka is almost dead.
The quokka barely misses you. The quokka misses you.
You slash the quokka!
You kill the quokka!
You see here a quokka corpse.
Found a spear and an emerald potion.
n - an emerald potion
Found 8 gold pieces.
A goblin and a frilled lizard come into view.
The goblin shouts!
The frilled lizard hisses angrily.
The goblin moves out of view.
You closely miss the frilled lizard.
The frilled lizard bites you but does no damage.
You barely miss the goblin. You closely miss the frilled lizard.
The frilled lizard bites you. The goblin hits you but does no damage.
You slash the goblin!
You kill the goblin!
You slash the frilled lizard!
You kill the frilled lizard!
No target in view!
No target in view!
A kobold comes into view. It is wielding a +0 short sword.
Found a stone staircase leading down.
The kobold shouts!
A ball python comes into view.
The kobold throws a stone.
The stone hits you but does no damage.
You see here 8 gold pieces.
You now have 45 gold pieces (gained 8).
You slash the kobold!
You kill the kobold!
You barely miss the ball python.
The ball python bites you but does no damage.
The ball python grabs you. The ball python constricts you.
The ball python closely misses you. The ball python constricts you.
You slash the ball python!
You kill the ball python!
No target in view!
No target in view!
h - 13 stones (gained 4)
Things that are here:
a +0 short sword; a kobold corpse
There is a stone staircase leading down here.
You climb downwards.
The kobold shouts!
You hear an angry hiss.
Found a book of Winter.
Found a stone staircase leading down.
There is a stone staircase leading up here.
You barely miss the kobold. The kobold hits you but does no damage.
The kobold completely misses you.
A frilled lizard comes into view.
You hit the kobold.
The kobold is severely wounded.
The kobold hits you but does no damage.
You slash the kobold!
You kill the kobold!
There is a stone staircase leading up here.
You see here a book of Winter.
You pick up a book of Winter and begin reading...
You add the spells Ozocubu's Armour, Metabolic Englaciation and Sculpt Simulacrum to your library.
The frilled lizard barely misses you.
You barely miss the frilled lizard. The frilled lizard barely misses you.
The frilled lizard misses you.
You slash the frilled lizard!
You kill the frilled lizard!
You have reached level 4!
You feel stronger.
You see here a frilled lizard corpse.
There is a stone staircase leading down here.
You climb downwards.
There is a stone staircase leading up here.
An endoplasm comes into view.
The endoplasm quivers.
An endoplasm is nearby!
The endoplasm hits you but does no damage.
You slash the endoplasm!
You kill the endoplasm!
Unknown command.
Unknown command.
Unknown command.
Unknown command.
An orc comes into view. It is wielding a +2 heavy hand axe.
The orc shouts!
You hear a shout!
An orc comes into view. It is wielding a +0 whip.
Throw: 13 stones
Press: ? - help, Q - select action, (/) - cycle Shift-Dir - straight line, f - orc
Aim: an orc, wielding a +2 heavy hand axe (54% to hit)
You throw a stone. The stone hits the orc.
The orc is moderately wounded.
Throw: 12 stones
Press: ? - help, Q - select action, (/) - cycle Shift-Dir - straight line, f/p - orc
Aim: an orc, wielding a +2 heavy hand axe (moderately wounded, 54% to hit)
You throw a stone. The stone barely misses the orc.
Throw: 11 stones
Press: ? - help, Q - select action, (/) - cycle Shift-Dir - straight line, f/p - orc
Aim: an orc, wielding a +2 heavy hand axe (moderately wounded, 54% to hit)
You throw a stone. The stone barely misses the orc.
Throw: 10 stones
Press: ? - help, Q - select action, (/) - cycle Shift-Dir - straight line, f/p - orc
Aim: an orc, wielding a +2 heavy hand axe (moderately wounded, haloed, 75% to hit)
You throw a stone. The stone hits the orc.
The orc is heavily wounded.
Throw: 9 stones
Press: ? - help, Q - select action, (/) - cycle Shift-Dir - straight line, f/p - orc
Aim: an orc, wielding a +2 heavy hand axe (heavily wounded, haloed, 75% to hit)
You throw a stone. The stone hits the orc.
The orc is severely wounded.
The orc hits you but does no damage.
Cleave: a) +0 war axe
Press: ? - help, Dir - move target, f/p - orc
Aim: an orc, wielding a +2 heavy hand axe (severely wounded, haloed, about 24% to evade your +0 war axe)
You barely miss the orc.
The orc is severely wounded.
Cleave: a) +0 war axe
Press: ? - help, Dir - move target, f/p - orc
Aim: an orc, wielding a +2 heavy hand axe (severely wounded, haloed, about 24% to evade your +0 war axe)
You barely miss the orc.
The orc is severely wounded.
The orc hits you with a +2 heavy hand axe.
Cleave: a) +0 war axe
Press: ? - help, Dir - move target, f/p - orc
Aim: an orc, wielding a +2 heavy hand axe (severely wounded, haloed, about 24% to evade your +0 war axe)
You slash the orc!
You kill the orc!
Unknown command.
Press: ? - help, v - describe, . - travel, g - get item Item here: a +2 heavy hand axe.
The floor.
This square is lit by a halo.
Unknown command.
You see here a +2 heavy hand axe.
Press: ? - help, v - describe, . - travel, g - get item Item here: a +2 heavy hand axe.
The floor.
Unknown command.
A kobold comes into view. It is wielding a +0 short sword.
The kobold shouts!
You hear a shout!
You barely miss the kobold.
The kobold hits you with a +0 short sword.
The kobold hits you but does no damage.
You slash the kobold!
You kill the kobold!
No target in view!
h - 10 stones (gained 2)
Things that are here:
a +0 short sword; a kobold corpse An orc comes into view.
It is wielding a +0 short sword.
The orc shouts!
An orc comes into view. It is wielding a +0 war axe.
The orc shouts! x2
A jelly comes into view.
A goblin comes into view. It is wielding a +0 club.
The jelly quivers.
The orc hits you with a +0 short sword.
You barely miss the orc. The orc hits you but does no damage.
You barely miss the orc.
An orc comes into view. It is wielding a +0 falchion.
The orc barely misses you. x2
The orc shouts!
You hit the orc but do no damage. You hit the orc.
The orc hits you but does no damage. The orc hits you with a +0 falchion.
Okay, then.
The orc hits you but does no damage. The orc barely misses you.
Throw: 4 darts (poison)
Press: ? - help, Shift-Dir - straight line, f - orc
Aim: an orc, wielding a +0 war axe (haloed, 75% to hit)
You throw a poisoned dart. The poisoned dart hits the orc.
You hit the orc.
The orc is moderately wounded.
The orc closely misses you.
You slash the orc!
You kill the orc!
The orc barely misses you.
You hit the orc.
The orc is heavily wounded.
The orc barely misses you.
You slash the orc!
You kill the orc!
You hit the orc.
You kill the orc!
The orc barely misses you.
You hit the orc.
The orc is almost dead.
The orc hits you but does no damage.
You barely miss the orc.
The orc is almost dead.
The orc barely misses you.
You hit the orc.
You kill the orc!
The jelly hits you but does no damage.
You slash the jelly!
Your hands burn!
The jelly is severely wounded.
The jelly closely misses you.
You hit the jelly.
Your hands burn!
The jelly is almost dead.
The jelly closely misses you.
You hit the jelly.
You kill the jelly!
The goblin closely misses you.
You slash the goblin!
You kill the goblin!
No target in view!
You now have 58 gold pieces (gained 13).
Items here: ))))) †††.
Unknown command.
f - 4 poisoned darts (gained 1)
Items here: ))))) †††.
Found a black potion.
o - a black potion HP restored.
A kobold comes into view. It is wielding a +0 club.
The kobold shouts!
The kobold hits you but does no damage.
You slash the kobold!
You kill the kobold!
You see here a +0 club.
Found a robe.
Found 8 gold pieces.
Found a bloodstained altar of Trog.
Found a stone staircase leading down.
Found 33 gold pieces.
You now have 75 gold pieces (gained 17).
You now have 83 gold pieces (gained 8).
Why would you want to do that?
You now have 99 gold pieces (gained 16).
Found a stone staircase leading down.
There is a stone staircase leading down here.
You climb downwards.
There is a stone staircase leading up here.
There is a stone staircase leading up here.
You climb upwards.
There is a stone staircase leading down here.
A ball python comes into view.
The ball python hisses angrily.
You hit the ball python.
The ball python is severely wounded.
The ball python bites you but does no damage.
The ball python misses you.
You slash the ball python!
You kill the ball python!
No target in view!
An orc comes into view. It is wielding a +0 flail.
The orc shouts!
You hear a shout!
An orc comes into view. It is wielding a +0 hand axe.
The orc moves out of view.
The orc shouts! 2 orcs and a giant cockroach come into view.
An orc is wielding a +0 dagger of venom.
Found 18 gold pieces.
The orc shouts! x2
You hit the orc.
The orc is heavily wounded.
The orc hits you but does no damage.
You slash the orc!
You kill the orc!
You barely miss the orc.
The orc is heavily wounded.
The orc hits you with a +0 hand axe.
You barely miss the orc.
The orc is heavily wounded.
The orc hits you but does no damage. The orc barely misses you.
You hit the orc.
The orc is almost dead.
The orc barely misses you.
You barely miss the orc.
The orc is almost dead.
The orc barely misses you. The orc hits you but does no damage.
You slash the orc!
You kill the orc!
The giant cockroach waves its antennae.
The giant cockroach bites you but does no damage.
You hit the giant cockroach.
The giant cockroach is moderately wounded.
The giant cockroach bites you but does no damage.
You hit the giant cockroach.
The giant cockroach is severely wounded.
The giant cockroach barely misses you. x2
You barely miss the giant cockroach.
The giant cockroach is heavily wounded.
The giant cockroach bites you but does no damage.
The giant cockroach closely misses you.
You barely miss the giant cockroach.
The giant cockroach is heavily wounded.
The giant cockroach closely misses you.
You hit the giant cockroach.
The giant cockroach is severely wounded.
The giant cockroach bites you but does no damage. x2
You hit the giant cockroach.
The giant cockroach is almost dead.
The giant cockroach bites you but does no damage.
You hit the giant cockroach but do no damage.
The giant cockroach is almost dead.
The giant cockroach closely misses you. x2
You hit the giant cockroach but do no damage.
The giant cockroach is almost dead.
The giant cockroach misses you.
You slash the giant cockroach!
You kill the giant cockroach!
The orc barely misses you.
You hit the orc but do no damage. The orc hits you but does no damage.
You hit the orc.
The orc is lightly wounded.
The orc barely misses you.
You slash the orc!
You kill the orc!
The orc hits you with a +0 dagger of venom.
You hit the orc but do no damage.
The orc hits you with a +0 dagger of venom.
You hit the orc.
The orc is severely wounded.
The orc hits you but does no damage.
You slash the orc!
You kill the orc!
Your Fighting skill increases to level 4!
No target in view!
Items here: )))) [[[ ††.
Okay, then.
A bombardier beetle comes into view.
Press: ? - help, v - describe, . - travel, g - get item
Items here: )))) [[[ ††.
The floor.
This square is lit by a halo.
You hit the bombardier beetle.
The bombardier beetle is moderately wounded.
You hit the bombardier beetle.
The bombardier beetle is heavily wounded.
The bombardier beetle sprays incendiary fluid at you.
The burning spray hits you.
You are covered in liquid fire!
You shake off some of the fire as you move.
The liquid fire burns you!
Items here: )))) [[[ ††.
You shake off the liquid fire.
Throw: 10 stones
Press: ? - help, Q - select action, (/) - cycle Shift-Dir - straight line, f - bombardier beetle
Aim: a bombardier beetle (heavily wounded, haloed, 89% to hit)
You throw a stone.
The stone barely misses the bombardier beetle.
You hit the bombardier beetle.
The bombardier beetle is severely wounded.
The bombardier beetle bites you but does no damage.
You hit the bombardier beetle but do no damage.
The bombardier beetle is heavily wounded.
You hit the bombardier beetle but do no damage.
The bombardier beetle is heavily wounded.
The bombardier beetle bites you but does no damage.
You hit the bombardier beetle.
The bombardier beetle is almost dead.
The bombardier beetle bites you but does no damage.
You barely miss the bombardier beetle.
The bombardier beetle is almost dead.
The bombardier beetle bites you but does no damage.
You slash the bombardier beetle!
You kill the bombardier beetle!
Training target 3.0 for Dodging reached!
Your Armour skill increases to level 2!
Your Dodging skill increases to level 3!
You have reached level 5!
Items here: )))) [[[ †††.
Okay, then.
Found a buckler and 17 gold pieces.
You now have 117 gold pieces (gained 18).
You now have 134 gold pieces (gained 17).
You see here a +0 buckler.
p - a +0 buckler
Found a stone staircase leading up.
There is a stone staircase leading up here.
You climb upwards.
There is a stone staircase leading down here.
There is a stone staircase leading down here.
You climb downwards.
There is a stone staircase leading up here.
There is a stone staircase leading down here.
You climb downwards.
Found 3 stones.
There is a stone staircase leading up here.
h - 12 stones (gained 3)
Found a scroll labelled JUEDGH MURGH.
q - a scroll labelled JUEDGH MURGH
There is a stone staircase leading up here.
You climb upwards.
There is a stone staircase leading down here.
There is a stone staircase leading up here.
As you open the door, it creaks loudly!
There is an open door here.
As you open the door, it creaks loudly! As you open the door, it creaks loudly!
There is an open door here.
As you open the door, it creaks loudly!
A hobgoblin comes into view.
Found a hazy altar of Hepliaklqana.
There is an open door here.
You hit the hobgoblin but do no damage.
The hobgoblin hits you but does no damage. x2
You barely miss the hobgoblin. The hobgoblin barely misses you.
You slash the hobgoblin!
You kill the hobgoblin!
You see here a hobgoblin corpse.
You open the door.
There is an open door here.
You open the door.
Found 21 gold pieces.
There is an open door here.
You now have 155 gold pieces (gained 21).
You open the door.
A jelly comes into view.
Found a silvery potion.
The jelly quivers.
There is an open door here.
Throw: 12 stones
Press: ? - help, Q - select action, (/) - cycle Shift-Dir - straight line, f - jelly
Aim: a jelly (haloed, 97% to hit)
You throw a stone.
The stone hits the jelly but does no damage.
You hit the jelly. The acid corrodes you!
Your hands burn!
The jelly is moderately wounded.
The jelly closely misses you. The jelly barely misses you.
You hit the jelly. The acid corrodes you!
Your hands burn!
The jelly is moderately wounded.
The jelly misses you.
You hit the jelly but do no damage.
Your hands burn!
The jelly is moderately wounded.
The jelly misses you.
You hit the jelly but do no damage. The acid corrodes you!
Your hands burn!
The jelly is moderately wounded.
The jelly hits you.
You are splashed with acid!
* * * LOW HITPOINT WARNING * * *
The jelly misses you.
You hit the jelly.
Your hands burn!
* * * LOW HITPOINT WARNING * * *
The jelly is heavily wounded.
The jelly barely misses you.
Aiming: Throw Flame
Press: ? - help, Shift-Dir - straight line, f/p - jelly
Aim: a jelly (heavily wounded, haloed, 100% to hit)
The puff of flame hits the jelly.
The jelly is almost dead.
The jelly hits you but does no damage.
Aiming: Throw Flame
Press: ? - help, Shift-Dir - straight line, f/p - jelly
Aim: a jelly (almost dead, haloed, 100% to hit)
The puff of flame hits the jelly.
You kill the jelly!
Your Axes skill increases to level 4!
r - a silvery potion You open the door.
There is an open door here.
You open the door.
Found a stone staircase leading down.
There is an open door here.
Found a trident.
There is a stone staircase leading down here.
You see here a +0 trident.
s - a +0 trident
There is a stone staircase leading down here.
You climb downwards.
Found a cyan potion.
There is a stone staircase leading up here.
t - a cyan potion
There is a stone staircase leading up here.
A scorpion comes into view.
A scorpion is nearby!
You hit the scorpion.
The scorpion is lightly wounded.
The scorpion stings you.
* * * LOW HITPOINT WARNING * * *
You hit the scorpion but do no damage.
The scorpion is lightly wounded.
The scorpion stings you.
* * * LOW HITPOINT WARNING * * *
The scorpion stings you.
* * * LOW HITPOINT WARNING * * *
You hit the scorpion but do no damage.
The scorpion is lightly wounded.
The scorpion closely misses you.
You slash the scorpion!
The scorpion is heavily wounded.
The scorpion closely misses you. The scorpion stings you.
* * * LOW HITPOINT WARNING * * *
You barely miss the scorpion.
The scorpion is heavily wounded.
The scorpion stings you.
* * * LOW HITPOINT WARNING * * *
You completely miss the scorpion.
The scorpion is heavily wounded.
The scorpion stings you.
* * * LOW HITPOINT WARNING * * *
The scorpion stings you.
You die... ####### #.@.<.# #s##### #. #. .. #. #. #.

You could see a scorpion.

Vanquished Creatures
  A bombardier beetle (D:4)
  2 jellies (D:4)
  3 gnolls (D:2)
  9 orcs (D:4)
  5 ball pythons
  2 endoplasms
  2 giant cockroaches
  4 goblins
  A hobgoblin (D:4)
  2 quokkas (D:2)
  4 bats
  4 frilled lizards
  5 kobolds
  4 rats
48 creatures vanquished.

Notes
Turn   | Place    | Note
-------+----------+-------------------------------------------
     0 | D:1      | jagoly the Gargoyle Monk began the quest for the Orb.
     0 | D:1      | Reached XP level 1. HP: 14/14 MP: 1/1
   167 | D:2      | Reached XP level 2. HP: 19/19 MP: 2/2
   170 | D:2      | Found a hide-covered altar of Uskayaw.
   318 | D:2      | Reached skill level 1 in Stealth
   332 | D:2      | Reached skill level 1 in Armour
   332 | D:2      | Reached XP level 3. HP: 10/23 MP: 3/3
   592 | D:3      | Reached XP level 4. HP: 29/29 MP: 4/4
   712 | D:4      | Found a bloodstained altar of Trog.
   733 | D:5      | Entered Level 5 of the Dungeon
   804 | D:4      | Reached XP level 5. HP: 33/33 MP: 5/5
   890 | D:4      | Found a hazy altar of Hepliaklqana.
   951 | D:5      | Slain by a scorpion

Illustrated notes

Levels and vault maps discovered:
D:1:      nicolae_arrival_somewhat_less_tricky_arrival, layout_basic,
          hellmonk_ecumenical_altar_crossroads
D:2:      layout_basic, basic_altar, uniq_terence
D:3:      layout_loops_ring, uniq_ijyb
D:4:      layout_loops_ring, mainiacjoe_overflow_tiny_flanked,
          mainiacjoe_overflow_24_doors
D:5:      layout_basic, nicolae_shop_vocational, uniq_pikel

Skill      XL: |  1  2  3  4  5 |
---------------+----------------+-----
Axes           | 3 4 |  4.0
Stealth        | 1 |  1.0
Armour         | 1 2 |  2.2
Fighting       | 4 |  4.2
Dodging        | 3 |  3.0

Action                     |  1- 3 |  4- 6 || total
---------------------------+-------+-------++-------
  Melee: Hand axe          |    30 |       ||    30
         War axe           |    45 |    68 ||   113
  Throw: Dart              |     2 |     1 ||     3
         Stone             |       |     7 ||     7
  Evoke: Wand              |       |     2 ||     2
 Armour: Ring mail         |    43 |    43 ||    86
         Robe              |     1 |       ||     1
  Dodge: Dodged            |    41 |    33 ||    74
